 Dungeon Crawl Stone Soup version 0.28.0 (webtiles) character file.

Game seed: 14080648958834644928

618 Ajdolov the Cleaver (level 7, -5/52 HPs)
             Began as a Formicid Fighter on Feb 16, 2022.
             Was an Initiate of Wu Jian.
             Slain by Blork the orc (10 damage)
             ... on level 5 of the Dungeon.
             The game lasted 00:05:00 (4643 turns).

Ajdolov the Cleaver (Formicid Fighter)              Turns: 4643, Time: 00:05:01

Health: -5/52      AC:  8    Str: 19 (22) XL:     7   Next: 74%
Magic:  7/7        EV: 10    Int:  5 (8)  God:    Wu Jian [......]
Gold:   333        SH:  5    Dex: 15 (16) Spells: 6/6 levels left

rFire   + . .      SeeInvis +   a - +0 war axe
rCold   + . .      Faith    .   c - +0 buckler
rNeg    + . .      Spirit   .   e - +1 ring mail {rC+}
rPois   +          Reflect  .   (helmet unavailable)
rElec   .          Harm     .   (no cloak)
rCorr   .          Rampage  .   (no gloves)
Will    .....                   f - +1 pair of boots
Stlth   +.........              (no amulet)
HPRegen 0.17/turn               j - ring of Gippuxtaig {rPois rF+ rN+ Dex+6}
MPRegen 0.10/turn               (no ring)

@: no status effects
A: permanent stasis, dig shafts and tunnels, antennae 3, four strong arms
a: Dig, Shaft Self, Renounce Religion


You were on level 5 of the Dungeon.
You worshipped Wu Jian.
Wu Jian was noncommittal.
You visited 2 branches of the dungeon, and saw 6 of its levels.

You collected 333 gold pieces.

Inventory:

Hand Weapons
 a - a +0 war axe (weapon)
Armour
 c - a +0 buckler (worn)
 e - a +1 ring mail of cold resistance (worn)
 f - a +1 pair of boots (worn)
Jewellery
 h - a ring of positive energy
 j - the ring of Gippuxtaig (left hand) {rPois rF+ rN+ Dex+6}
   (You found it on level 2 of the Dungeon)

   [ring of dexterity]

   Dex:       It affects your dexterity (+6).
   rF:        It protects you from fire.
   rPois:     It protects you from poison.
   rN:        It protects you from negative energy.
Wands
 r - a wand of flame (11)
Scrolls
 b - 5 scrolls of identify {unknown}
 g - 3 scrolls of vulnerability {unknown}
 i - a scroll of acquirement {unknown}
 k - a scroll of teleportation {unknown}
 l - a scroll of holy word {unknown}
 n - a scroll of enchant armour {unknown}
 q - a scroll of magic mapping {unknown}
Potions
 d - 2 potions of might
 m - a potion of degeneration
 o - a potion of heal wounds {unknown}
 p - a potion of flight {unknown}
 s - a potion of attraction {unknown}


   Skills:
 - Level 3.2 Fighting
 * Level 8.1 Axes
 - Level 3.2 Armour
 - Level 3.6 Shields


You had 6 spell levels left.
You didn't know any spells.
Your spell library contained the following spells:

 Spells                   Type           Power      Damage    Failure   Level
 Pain                     Necr           0%         1d4       73%         1
 Slow                     Hex            0%         N/A       73%         1
 Ensorcelled Hibernation  Hex/Ice        0%         N/A       86%         2
 Passwall                 Tmut/Erth      0%         N/A       86%         2
 Static Discharge         Conj/Air       0%         N/A       86%         2
 Conjure Flame            Conj/Fire      0%         6-21      97%         3
 Gell's Gravitas          Tloc           0%         N/A       97%         3
 Ignite Poison            Fire/Tmut/Pois 0%         N/A       97%         3
 Lesser Beckoning         Tloc           0%         N/A       97%         3
 Summon Guardian Golem    Hex/Summ       0%         N/A       97%         3
 Teleport Other           Tloc           0%         N/A       97%         3
 Dispel Undead            Necr           0%         3d6       100%        4
 Sticky Flame             Conj/Fire      0%         2d3       100%        4
 Agony                    Necr           0%         N/A       100%        5
 Excruciating Wounds      Necr           0%         N/A       100%        5
 Dispersal                Tloc           0%         N/A       100%        6
 Orb of Destruction       Conj           0%         9d5       100%        7
 Spellforged Servitor     Conj/Summ      0%         N/A       100%        7
 Swiftness                Air            Unusable   N/A       N/A         3

Dungeon Overview and Level Annotations

Branches:
Dungeon (5/15)             Temple (1/1) D:5

Altars:
Ashenzari
Cheibriados
Dithmenos
Elyvilon
Gozag
Hepliaklqana
Kikubaaqudgha
Makhleb
Nemelex Xobeh
Okawaru
Qazlal
Sif Muna
Trog
Uskayaw
Vehumet
Wu Jian
Xom
Yredelemnul
Zin
The Shining One

Annotations:
D:5 Blork the orc


Innate Abilities, Weirdness & Mutations

You cannot be hasted, slowed, berserked, paralysed or teleported.
You can dig through walls and to a lower floor.
You have a pair of large antennae on your head. (SInv)
Your four strong arms can wield two-handed weapons with a shield.


Message History

You lunge at the killer bee zombie.
You barely miss the killer bee zombie.
The killer bee zombie closely misses you. x2
You slice the killer bee zombie!!
The killer bee zombie is severely damaged.
You block the killer bee zombie's attack.
Blork the orc gestures at you while chanting.
The puff of flame hits you but does no damage.
The killer bee zombie hits you.
You hit the killer bee zombie.
The killer bee zombie is severely damaged.
You block the killer bee zombie's attack.
Blork the orc casts a cantrip, but nothing happens.
The killer bee zombie hits you.
You barely miss the killer bee zombie.
The killer bee zombie is severely damaged.
The killer bee zombie closely misses you.
The killer bee zombie hits you.
You slash the killer bee zombie!
You destroy the killer bee zombie!
The Council accepts your kill.
Blork the orc gestures wildly while chanting.
Blork the orc seems to speed up.
Blork the orc hits you from afar with a +0 glaive.
Blork the orc closely misses you.
You lunge at Blork the orc, but your attack speed is too slow for a blow to land.
You block Blork the orc's attack.
You closely miss Blork the orc.
Blork the orc hits you with a +0 glaive.
Blork the orc hits you with a +0 glaive!
You hit Blork the orc but do no damage.
Blork the orc hits you with a +0 glaive. x2
You hit Blork the orc but do no damage.
Blork the orc hits you with a +0 glaive!
* * * LOW HITPOINT WARNING * * *
It was a potion of degeneration.
There was something very wrong with that liquid.
You feel weakened.
You feel dopey.
You feel clumsy. Blork the orc barely misses you.
Blork the orc hits you with a +0 glaive!
You die...

###..#########.....##
............#.......#
............#.......#
............#.......#
##.........#..#+########
##..##########..........
.....# #..........
.....# #..........
.....# #..@o......
#....# #..........
#....# #.....#####
.....# #.....# .....#
#.....# ##########
#.....# .........#
#.....# .........#
#.....# .........#


You could see Blork the orc (fast).

Vanquished Creatures
  A sky beast (D:5)
  A scorpion (D:5)
  2 howler monkeys
  A bullfrog zombie (D:5)
  A jelly (D:4)
  A centaur skeleton (D:5)
  Jessica (D:3)
  Natasha (thrice) (D:4)
  A killer bee zombie (D:5)
  5 adders
  4 gnolls
  A white imp (D:3)
  2 worms
  4 dart slugs
  6 orcs
  6 ball pythons
  6 endoplasms
  4 giant cockroaches
  12 goblins
  3 hobgoblins
  4 jackals (D:1)
  8 kobolds
  3 quokkas
  4 bats
  4 frilled lizards
  8 rats
96 creatures vanquished.

Vanquished Creatures (others)
  54 plants (D:2)
54 creatures vanquished.

Grand Total: 150 creatures vanquished

Notes
Turn   | Place    | Note
-------+----------+-------------------------------------------
     0 | D:1      | Ajdolov the Formicid Fighter began the quest for the Orb.
     0 | D:1      | Reached XP level 1. HP: 18/18 MP: 1/1
    71 | D:1      | Reached XP level 2. HP: 17/24 MP: 2/2
   218 | D:1      | Reached skill level 3 in Axes
   266 | D:1      | Found a faded altar of an unknown god.
   272 | D:1      | Reached XP level 3. HP: 29/29 MP: 3/3
   712 | D:2      | Identified the ring of Gippuxtaig {rPois rF+ rN+ Dex+6}
  1156 | D:2      | Reached skill level 4 in Axes
  1156 | D:2      | Reached XP level 4. HP: 18/35 MP: 4/4
  1944 | D:3      | Found a bloodstained altar of Trog.
  1972 | D:3      | Found a shimmering blue altar of Sif Muna.
  1980 | D:3      | Noticed Jessica
  1984 | D:3      | Killed Jessica
  1985 | D:3      | Reached skill level 5 in Axes
  1985 | D:3      | Reached XP level 5. HP: 32/41 MP: 5/5
  1993 | D:3      | Got Sif Muna's Catalogue of Fascination
  2703 | D:4      | Noticed Natasha
  2708 | D:4      | Reached XP level 6. HP: 41/47 MP: 6/6
  2716 | D:4      | Killed Natasha
  2717 | D:4      | Reached skill level 6 in Axes
  2842 | D:4      | Noticed Natasha
  2849 | D:4      | Killed Natasha
  3375 | D:4      | Noticed Natasha
  3380 | D:4      | Killed Natasha
  3582 | D:5      | Entered Level 5 of the Dungeon
  3725 | D:5      | Noticed a sky beast
  3748 | D:5      | Killed a sky beast
  3749 | D:5      | Reached skill level 7 in Axes
  3749 | D:5      | Reached XP level 7. HP: 32/52 MP: 7/7
  3938 | D:5      | Found a staircase to the Ecumenical Temple.
  3948 | Temple   | Entered the Ecumenical Temple
  4044 | Temple   | Became a worshipper of the Wu Jian Council
  4151 | D:5      | Found an iron altar of Okawaru.
  4303 | D:5      | Reached skill level 8 in Axes
  4630 | D:5      | Noticed Blork the orc
  4643 | D:5      | Slain by Blork the orc

Illustrated notes

Levels and vault maps discovered:
D:1:      scummos_arrival_simple_fountains, layout_rooms,
          basic_ecumenical_altar, minmay_pentomino_t4
D:2:      layout_basic, kennysheep_boxes
D:3:      layout_basic, nzn_overflow_gifts_of_might_and_magic, uniq_jessica
D:4:      layout_loops_ring, uniq_natasha
D:5:      layout_gridville, okawaru_metal_pillars_3,
          minmay_temple_entry_slanted, uniq_blork_the_orc
Temple:   minmay_temple_bridge_d

Skill      XL: |  1  2  3  4  5  6  7 |
---------------+----------------------+-----
Axes           | 3 4 5 7 8 |  8.1
Fighting       | |  3.2
Armour         | |  3.2
Shields        | |  3.6

Action                   |  1- 3 |  4- 6 |  7- 9 || total
-------------------------+-------+-------+-------++-------
Melee: War axe           |    93 |   153 |    32 ||   278
Invok: Lunge             |       |       |     2 ||     2
 Abil: Dig               |       |     6 |       ||     6
  Use: Potion            |       |       |     1 ||     1
Armor: Scale mail        |     6 |       |       ||     6
       Ring mail         |    38 |    60 |    13 ||   111
Dodge: Dodged            |    55 |    63 |    13 ||   131
Block: Buckler           |    24 |    30 |    10 ||    64
